 Dungeon Crawl Stone Soup version 0.21.1-1-g345015f (webtiles) character file.

40758 glosham the Unseen (level 14, -5/81 HPs)
             Began as a Kobold Artificer on May 8, 2018.
             Was the Champion of Hepliaklqana.
             Slain by a dire elephant (36 damage)
             ... on level 6 of the Lair of Beasts on May 9, 2018.
             The game lasted 04:40:06 (11676 turns).

glosham the Unseen (Kobold Artificer)              Turns: 11676, Time: 04:40:07

Health: -5/81      AC: 11    Str: 11    XL:     14   Next: 46%
Magic:  17/19      EV: 25    Int: 14    God:    Hepliaklqana [******]
Gold:   1184       SH:  0    Dex: 17    Spells: 11/15 levels left

rFire    . . .     SeeInvis .   a - +2 short sword (elec)
rCold    . . .     Gourm    .   (shield restricted)
rNeg     . . .     Faith    .   X - +0 robe
rPois    +         Spirit   .   U - +2 helmet
rElec    .         Reflect  .   Y - +2 cloak
rCorr    .         Harm     .   V - +2 pair of gloves
MR       +....                  (no boots)
Stlth    +++++++...             (no amulet)
HPRegen  0.23/turn              A - +1 ring of slaying
MPRegen  0.16/turn              B - ring of poison resistance

@: flying
A: small, reduced essence, carnivore
a: Recall Ancestor, Ancestor Identity, Transference, Idealise, Renounce Religion


You were on level 6 of the Lair of Beasts.
You worshipped Hepliaklqana.
Hepliaklqana was exalted by your worship.
You were very full.

You visited 2 branches of the dungeon, and saw 17 of its levels.

You collected 1184 gold pieces.

Inventory:

Hand Weapons
 a - a +2 short sword of electrocution (weapon)
 b - a +3 dagger of holy wrath
 c - a +2 dagger of venom
 d - a +0 rapier
 f - a +4 scimitar of freezing
Missiles
 E - 62 bolts
 F - a throwing net (quivered)
Armour
 H - a +0 shield
 I - the +3 hat of Pondering {ponderous, MR+ MP+10 Int+5}
   (You took it off Gastronok on level 2 of the Lair of Beasts)

   It affects your intelligence (+5).
   It affects your resistance to hostile enchantments.
   It affects your magic capacity (+10).
 U - a +2 helmet (worn)
 V - a +2 pair of gloves (worn)
 X - a +0 robe (worn)
 Y - a +2 cloak (worn)
Jewellery
 A - a +1 ring of slaying (left hand)
 B - a ring of poison resistance (right hand)
 C - an uncursed ring of ice
 D - the ring "Biqis" {Fire rPois}
   (You found it on level 4 of the Lair of Beasts)

   [ring of fire]

   It enhances your fire magic.
   It protects you from fire.
   It makes you vulnerable to cold.
   It protects you from poison.
 M - an uncursed ring of protection from magic
Wands
 g - a wand of paralysis (26)
 h - a wand of polymorph (27)
 i - a wand of flame (96)
 j - a wand of iceblast (1)
 z - a wand of disintegration (12)
 N - a wand of clouds (2)
Scrolls
 k - a scroll of teleportation
 m - 4 scrolls of fog
 o - 10 scrolls of remove curse
 G - a scroll of immolation
 J - 5 scrolls of identify
 K - 2 scrolls of magic mapping
Potions
 l - 3 potions of brilliance
 n - 2 potions of flight
 p - 2 potions of cancellation
 q - a potion of ambrosia
 r - 7 potions of curing
 s - 4 potions of heal wounds
 t - 3 potions of lignification
 u - 5 potions of haste
 v - a potion of berserk rage {!q}
 x - 2 potions of agility
 y - 4 potions of might
 O - a potion of magic {unknown}
Books
 L - a book of Transfigurations

   Spells                             Type                      Level
   a - Irradiate                      Conjuration/Transmutation    5
   b - Statue Form                    Transmutation/Earth          6
   c - Hydra Form                     Transmutation                6
   d - Dragon Form                    Transmutation                7
Comestibles
 e - 41 rations


   Skills:
 - Level 11.0 Fighting
 * Level 12.9 Short Blades
 - Level 2.0 Armour
 * Level 12.9 Dodging
 * Level 18.6 Stealth
 - Level 1.0 Spellcasting
 - Level 1.0 Translocations
 + Level 7.8 Invocations
 - Level 4.0 Evocations


You had 11 spell levels left.
You knew the following spells:

 Your Spells              Type           Power        Failure   Level  Hunger
b - Blink                 Tloc           N/A          26%         2    ###....
P - Passwall              Tmut/Erth      #.........   36%         2    ###....


Dungeon Overview and Level Annotations

Branches:
Dungeon (11/15)            Temple (0/1) D:7            Lair (6/6) D:11
 Shoals (0/4) Lair:2       Spider (0/4) Lair:3        Slime (0/5) Lair:5
    Orc: D:9-12

Altars:
Cheibriados
Elyvilon
Hepliaklqana
Kikubaaqudgha
Sif Muna
Vehumet
Wu Jian
Yredelemnul


Innate Abilities, Weirdness & Mutations

You are small and have problems with some larger weapons.
You are carnivorous and can eat meat at any time.
Your life essence is reduced to manifest your ancestor. (-10% HP)


Message History

You hit the dire elephant.
Lightning courses through the dire elephant!
The dire elephant is moderately wounded.
The dire elephant is engulfed in poison gas.
The dire elephant looks even sicker.
The dire elephant tramples Rye!!
Rye is shoved backwards!
Rye hits the dire elephant with a dagger of draining!
Rye drains the dire elephant!
The dire elephant splashes around in the water.
The dire elephant trunk-slaps Rye.
You hit the dire elephant but do no damage.
Lightning courses through the dire elephant!
The dire elephant is heavily wounded.
The dire elephant splashes around in the water. x2
Rye hits the dire elephant with a dagger of draining.
Rye drains the dire elephant!
You hit the dire elephant but do no damage.
The dire elephant is severely wounded.
The dire elephant splashes around in the water.
The dire elephant barely misses Rye.
All of the chunks of flesh in your inventory have rotted away.
You hit the dire elephant but do no damage.
The dire elephant is severely wounded.
The dire elephant completely misses you. x2
Rye hits the dire elephant but does no damage.
Rye drains the dire elephant!
You hit the dire elephant but do no damage.
Lightning courses through the dire elephant!
The dire elephant is almost dead.
The dire elephant tramples Rye!!!
Rye is shoved backwards!
Rye is destroyed!
You hit the dire elephant.
The dire elephant is almost dead.
There is an open door here.
You hit the dire elephant.
Lightning courses through the dire elephant!
You kill the dire elephant!
Cast which spell? (? or * to list)
You blink.
The dire elephant tramples you!!!
You die...

#....#8...#
#♣..........
##..#####.#
♣...........
##..'..#.##♣.........P.
##.'..#..##...........
###..##.##...........
#...#.###........P.
#8§8#...#♣.........
##Y####.##.........
##@..≈#..#.........
#..≈≈≈##.#........#
#≈≈≈≈≈≈#.#.......##
#≈≈≈≈≈.#.#.......##
##≈≈≈.##.#........#
#'§####.#........#
....##8.#.......##
#....#8..+........P
#....#.⌠.+.......P.


You could see a dire elephant.

Vanquished Creatures
  Gastronok (Lair:2)
  Kirke (Lair:6)
  A dire elephant (Lair:6)
  A fire dragon (Lair:5)
  4 hydras
  An anaconda (Lair:6)
  5 two-headed ogres
  4 death yaks (Lair:4)
  Pikel (D:5)
  An oklob plant (Lair:1)
  2 merfolk sirens (Lair:2)
  6 black mambas
  5 spiny frogs
  2 rime drakes (Lair:5)
  6 komodo dragons
  2 jumping spiders (Lair:3)
  A troll (D:9)
  A hornet (D:11)
  2 polar bears (Lair:6)
  Prince Ribbit (D:5)
  8 blink frogs
  A slime creature (Lair:5)
  6 redbacks (Lair:3)
  A wyvern (Lair:4)
  4 wraiths (D:11)
  28 yaks
  5 hogs
  3 humans
  3 basilisks (Lair:1)
  2 hungry ghosts
  7 water moccasins
  8 porcupines
  4 phantoms
  3 ice beasts
  3 black bears
  An orc warrior (D:11)
  A sky beast (D:11)
  An ogre (D:10)
  2 centaurs
  The ghost of Frank the Shield-Bearer, an amateur OpFi (D:3)
  10 crocodiles
  A big kobold (D:9)
  A wyvern zombie (D:10)
  8 bullfrogs
  2 scorpions
  A killer bee (D:8)
  A wight (D:8)
  4 howler monkeys
  An electric eel (D:7)
  4 jellies
  A centaur zombie (D:5)
  3 crimson imps
  3 orc priests
  A quasit (D:11)
  Crazy Yiuf (D:3)
  3 bullfrog skeletons
  9 orc wizards
  5 hounds
  4 centaur skeletons
  Jessica (D:3)
  Ijyb (D:4)
  5 iguanas
  Natasha (thrice) (D:3)
  2 hell rats (Lair:3)
  8 worker ants
  A hound zombie (D:9)
  7 gnolls (D:5)
  4 river rats (Lair:3)
  12 adders
  2 shadow imps (D:11)
  An ooze (D:1)
  6 dart slugs
  9 leopard geckos
  29 orcs
  A ball python (D:1)
  5 giant cockroaches
  8 goblins
  9 hobgoblins
  7 jackals
  10 kobolds
  5 quokkas
  7 bats
  5 frilled lizards
  A leopard gecko skeleton (D:7)
  A leopard gecko zombie (D:6)
  14 rats
  2 plants (Lair:6)
369 creatures vanquished.

Vanquished Creatures (collateral kills)
  A hydra (Lair:5)
  A komodo dragon (Lair:2)
  A blink frog (Lair:5)
  A hippogriff (D:11)
  7 yaks
  A basilisk (Lair:2)
  A hog (Lair:6)
  3 water moccasins
  An orc warrior (D:10)
  An ogre (D:8)
  A centaur (D:10)
  A crocodile (Lair:4)
  2 bullfrogs
  A scorpion (D:8)
  2 killer bees (D:8)
  2 wights (D:8)
  A howler monkey (D:6)
  A crimson imp (D:8)
  4 hounds
  An orc priest (D:8)
  An iguana (D:11)
  A hound skeleton (D:6)
  A river rat (Lair:3)
  10 orcs
  A giant cockroach (D:2)
  A hobgoblin (D:2)
  4 jackals
  A quokka (D:9)
  A bat (D:2)
  2 kobolds
  A kobold (shapeshifter) (D:2)
  A fungus (Lair:5)
59 creatures vanquished.

Vanquished Creatures (others)
  A hog (Lair:6)
  A water moccasin (Lair:3)
  4 hexers
  A jelly (D:5)
  A dart slug (D:3)
  An orc (D:3)
  A jackal (D:3)
  A fungus (Lair:1)
  2 plants
13 creatures vanquished.

Grand Total: 441 creatures vanquished

Notes
Turn   | Place    | Note
-------+----------+-------------------------------------------
     0 | D:1      | glosham the Kobold Artificer began the quest for the Orb.
     0 | D:1      | Reached XP level 1. HP: 12/12 MP: 3/3
    55 | D:3      | Reached skill level 2 in Fighting
    58 | D:3      | Reached XP level 2. HP: 16/17 MP: 4/4
   104 | D:3      | Noticed Natasha
   110 | D:3      | Killed Natasha
   110 | D:3      | Reached skill level 3 in Fighting
   110 | D:3      | Reached XP level 3. HP: 18/23 MP: 5/5
   170 | D:3      | Noticed Frank's ghost (amateur OpFi)
   173 | D:3      | Killed Frank's ghost
   173 | D:3      | Reached skill level 5 in Fighting
   173 | D:3      | Reached XP level 4. HP: 30/31 MP: 6/6
   173 | D:3      | Reached XP level 5. HP: 34/35 MP: 7/7
   212 | D:3      | Noticed Natasha
   212 | D:3      | Killed Natasha
   262 | D:3      | Noticed Natasha
   263 | D:3      | Killed Natasha
   296 | D:3      | HP: 2/36 [orc/dagger (3)]
   325 | D:3      | Found a runed door.
   329 | D:3      | Noticed Crazy Yiuf
   334 | D:3      | Killed Crazy Yiuf
   334 | D:3      | Reached skill level 6 in Fighting
   334 | D:3      | Reached XP level 6. HP: 8/41 MP: 8/8
   844 | D:4      | Noticed a phantom
   864 | D:4      | Killed a phantom
   864 | D:4      | Reached skill level 3 in Dodging
   864 | D:4      | Reached XP level 7. HP: 39/47 MP: 9/9
   891 | D:4      | Reached skill level 7 in Fighting
   906 | D:4      | Noticed Ijyb
   908 | D:4      | Killed Ijyb
  1010 | D:4      | Reached skill level 4 in Dodging
  1561 | D:3      | Noticed Jessica
  1571 | D:3      | Killed Jessica
  1574 | D:3      | Identified Jessica's Guide on Darkness
  1586 | D:3      | Found an ornate altar of the Wu Jian Council.
  1642 | D:2      | Found a hazy altar of Hepliaklqana.
  1700 | D:4      | Reached skill level 1 in Armour
  1801 | D:5      | Entered Level 5 of the Dungeon
  1854 | D:5      | Reached XP level 8. HP: 50/53 MP: 10/10
  1855 | D:5      | Reached skill level 2 in Armour
  1948 | D:2      | Became a worshipper of Hepliaklqana the Forgotten
  2519 | D:5      | Reached skill level 2 in Short Blades
  2519 | D:5      | Reached skill level 2 in Stealth
  2593 | D:5      | Reached skill level 3 in Short Blades
  2593 | D:5      | Reached skill level 3 in Stealth
  2772 | D:5      | Reached skill level 4 in Short Blades
  2772 | D:5      | Reached skill level 4 in Stealth
  2830 | D:5      | Reached * piety under Hepliaklqana
  2847 | D:5      | Noticed Prince Ribbit
  2862 | D:5      | Killed Prince Ribbit
  2862 | D:5      | Reached skill level 5 in Short Blades
  2862 | D:5      | Reached skill level 5 in Stealth
  2874 | D:5      | Found an ancient bone altar of Kikubaaqudgha.
  2878 | D:5      | Noticed Pikel
  2883 | D:5      | Killed Pikel
  2883 | D:5      | Reached skill level 7 in Short Blades
  2883 | D:5      | Reached skill level 7 in Stealth
  2883 | D:5      | Reached XP level 9. HP: 51/51 MP: 11/11
  2954 | D:5      | Reached skill level 8 in Stealth
  2989 | D:5      | Found a snail-covered altar of Cheibriados.
  3244 | D:6      | Found a white marble altar of Elyvilon.
  3244 | D:6      | Found a hazy altar of Hepliaklqana.
  3245 | D:6      | Found a radiant altar of Vehumet.
  3247 | D:6      | Found a basalt altar of Yredelemnul.
  3458 | D:6      | Reached skill level 8 in Short Blades
  3738 | D:6      | Reached ** piety under Hepliaklqana
  3739 | D:6      | Remembered your ancestor Rye as a hexer
  3822 | D:6      | Found a deep blue altar of Sif Muna.
  3907 | D:7      | Reached skill level 9 in Stealth
  4109 | D:7      | Found a staircase to the Ecumenical Temple.
  4117 | D:7      | Learned a level 2 spell: Blink
  4269 | D:7      | Reached skill level 9 in Short Blades
  4379 | D:7      | Reached skill level 10 in Stealth
  4379 | D:7      | Reached XP level 10. HP: 56/56 MP: 12/12
  4386 | D:7      | Reached skill level 10 in Short Blades
  4391 | D:7      | Reached skill level 11 in Stealth
  4430 | D:7      | Reached skill level 5 in Dodging
  4523 | D:8      | Found a white marble altar of Elyvilon.
  4608 | D:8      | Noticed a two-headed ogre
  4622 | D:8      | Killed a two-headed ogre
  4622 | D:8      | Reached skill level 8 in Fighting
  4622 | D:8      | Reached skill level 12 in Stealth
  4654 | D:8      | Noticed a two-headed ogre
  4656 | D:8      | Killed a two-headed ogre
  4656 | D:8      | Reached skill level 6 in Dodging
  5050 | D:8      | Noticed a two-headed ogre
  5058 | D:8      | Killed a two-headed ogre
  5058 | D:8      | Reached skill level 13 in Stealth
  5058 | D:8      | Reached XP level 11. HP: 51/62 MP: 13/13
  5077 | D:8      | Reached skill level 7 in Dodging
  5282 | D:8      | Noticed a two-headed ogre
  5290 | D:8      | Killed a two-headed ogre
  5290 | D:8      | Reached skill level 9 in Fighting
  5465 | D:9      | Reached skill level 14 in Stealth
  5573 | D:9      | Learned a level 2 spell: Passwall
  5648 | D:9      | Reached skill level 8 in Dodging
  5656 | D:9      | Noticed a two-headed ogre
  5682 | D:9      | Killed a two-headed ogre
  5743 | D:9      | Reached skill level 15 in Stealth
  6133 | D:10     | Entered Level 10 of the Dungeon
  6133 | D:10     | Reached *** piety under Hepliaklqana
  6520 | D:10     | Reached skill level 10 in Fighting
  6520 | D:10     | Reached XP level 12. HP: 69/69 MP: 14/14
  6918 | D:11     | Found a staircase to the Lair.
  7078 | D:11     | Found the +5 scythe "Finisher" {speed, Str+3}
  7103 | D:11     | Reached skill level 11 in Short Blades
  7388 | Lair:1   | Entered Level 1 of the Lair of Beasts
  7446 | Lair:1   | Reached **** piety under Hepliaklqana
  7454 | Lair:1   | Reached skill level 12 in Short Blades
  7550 | Lair:1   | Reached skill level 9 in Dodging
  7578 | Lair:1   | Reached skill level 1 in Spellcasting
  7578 | Lair:1   | Reached skill level 1 in Translocations
  7579 | Lair:1   | Reached skill level 1 in Invocations
  7579 | Lair:1   | Reached skill level 4 in Evocations
  7678 | Lair:1   | Noticed a four-headed hydra
  7781 | Lair:1   | Found a deep blue altar of Sif Muna.
  7787 | Lair:1   | Reached skill level 2 in Invocations
  7793 | Lair:1   | Reached skill level 16 in Stealth
  7971 | Lair:1   | Killed a four-headed hydra
  8056 | Lair:2   | Reached skill level 3 in Invocations
  8138 | Lair:2   | Noticed Gastronok
  8161 | Lair:2   | Killed Gastronok
  8161 | Lair:2   | Reached skill level 10 in Dodging
  8161 | Lair:2   | Reached XP level 13. HP: 25/74 MP: 16/16
  8240 | Lair:2   | Reached skill level 4 in Invocations
  8499 | Lair:2   | Reached ***** piety under Hepliaklqana
  8598 | Lair:2   | Found a staircase to the Shoals.
  8744 | Lair:3   | Noticed a five-headed hydra
  8753 | Lair:3   | Killed a five-headed hydra
  8753 | Lair:3   | Reached skill level 5 in Invocations
  9051 | Lair:3   | Reached skill level 17 in Stealth
  9109 | Lair:3   | Noticed a five-headed hydra
  9114 | Lair:3   | Killed a five-headed hydra
  9114 | Lair:3   | Reached skill level 11 in Dodging
  9169 | Lair:3   | Reached skill level 6 in Invocations
  9208 | Lair:3   | Found a hole to the Spider Nest.
  9216 | Lair:3   | Reached skill level 11 in Fighting
  9737 | Lair:4   | Noticed an eight-headed hydra
  9766 | Lair:4   | Killed an eight-headed hydra
 10006 | Lair:4   | Identified the ring "Biqis" {Fire rPois} (You found it on level 4 of the Lair of Beasts)
 10142 | Lair:5   | Found a staircase to the Slime Pits.
 10204 | Lair:5   | Reached skill level 12 in Dodging
 10215 | Lair:5   | Reached skill level 7 in Invocations
 10418 | Lair:5   | Reached XP level 14. HP: 81/81 MP: 19/19
 10484 | Lair:5   | Reached skill level 18 in Stealth
 10923 | Lair:6   | Entered Level 6 of the Lair of Beasts
 11067 | Lair:6   | Reached ****** piety under Hepliaklqana
 11411 | Lair:6   | Noticed Kirke
 11436 | Lair:6   | Killed Kirke
 11660 | Lair:6   | Noticed a dire elephant
 11660 | Lair:6   | Noticed a dire elephant
 11674 | Lair:6   | Killed a dire elephant
 11676 | Lair:6   | Slain by a dire elephant

Skill      XL: |  1  2  3  4  5  6  7  8  9 10 11 12 13 14 |
---------------+-------------------------------------------+-----
Fighting       | 2 3 5 6 7 8 10 11 | 11.0
Dodging        | 3 4 6 8 10 12 | 12.9
Armour         | 1 2 |  2.0
Short Blades   | 7 9 10 12 | 12.9
Stealth        | 7 10 13 15 16 17 18 | 18.6
Spellcasting   | 1 |  1.0
Translocations | 1 |  1.0
Invocations    | 3 7 |  7.8
Evocations     | 4 |  4.0

Action                   |  1- 3 |  4- 6 |  7- 9 | 10-12 | 13-15 || total
-------------------------+-------+-------+-------+-------+-------++-------
Melee: Short sword       |    17 |    30 |       |   120 |   307 ||   474
       Quarterstaff      |       |    67 |   214 |       |       ||   281
       Dagger            |       |       |   107 |   417 |    63 ||   587
 Cast: Blink             |       |       |       |       |     4 ||     4
Invok: Ancestor Identity |       |       |     1 |       |       ||     1
       Ancestor Life: He |       |       |     1 |       |       ||     1
       Recall Ancestor   |       |       |       |     1 |     1 ||     2
       Idealise          |       |       |       |       |     1 ||     1
Evoke: Wand              |    14 |     7 |    19 |    16 |    21 ||    77
  Use: Scroll            |       |     4 |    16 |     7 |     1 ||    28
       Potion            |       |       |       |       |     1 ||     1
 Stab: Distracted        |     1 |       |     1 |    11 |     6 ||    19
       Sleeping          |       |     3 |    13 |    42 |    37 ||    95
       Confused          |       |     1 |     4 |     4 |     7 ||    16
       Paralysed         |       |       |     6 |     1 |       ||     7
  Eat: Chunk             |     6 |     2 |    12 |    12 |    11 ||    43
Armor: Leather armour    |       |    22 |    13 |       |       ||    35
       Scale mail        |       |       |    24 |       |       ||    24
       Robe              |       |       |    29 |    38 |    20 ||    87
Dodge: Dodged            |    14 |    62 |   207 |   196 |   153 ||   632

Table legend:
 A = Turns spent in this place as a percentage of turns spent in the entire game.
 B = Non-inter-level travel turns spent in this place as a percentage of non-inter-level travel turns spent in the entire game.
 C = Inter-level travel turns spent in this place as a percentage of turns spent in this place.
 D = Turns resting spent in this place as a percentage of non-inter-level travel turns spent in this place.
 E = Turns spent auto-exploring this place as a percentage of non-inter-level travel turns spent in this place.
 F = Non-inter-level travel turns spent in this place divided by the number of levels of this place that you've seen.
                   A       B       C       D       E      F
               +-------+-------+-------+-------+-------+----------------------
         Total | 100.0 | 100.0 |  10.0 |   0.1 |   0.1 | 618.5
       Dungeon |  63.3 |  62.2 |  11.5 |   0.1 |   0.0 | 594.4
          Lair |  36.7 |  37.8 |   7.3 |   0.0 |   0.4 | 662.7
               +-------+-------+-------+-------+-------+----------------------

Table legend:
 A = Kills in this place as a percentage of kills in entire the game.
 B = Kills by you in this place as a percentage of kills by you in the entire game.
 C = Kills by friends in this place as a percentage of kills by friends in the entire game.
 D = Other kills in this place as a percentage of other kills in the entire game.
 E = Experience gained in this place as a percentage of experience gained in the entire game.
 F = Experience gained in this place divided by the number of levels of this place that you have seen.
                   A       B       C       D       E      F
               +-------+-------+-------+-------+-------+----------------------
         Total | 100.0 | 100.0 | 100.0 | 100.0 | 100.0 | 3425.1
       Dungeon |  67.7 |  66.4 |  75.9 |  66.7 |  32.0 | 1695.5
          Lair |  32.3 |  33.6 |  24.1 |  33.3 |  68.0 | 6596.0
               +-------+-------+-------+-------+-------+----------------------

Vault maps used:
D:1:      evilmike_arrival_crescent, moated_statue
D:2:      lemuel_upstairs_altar
D:3:      nicolae_overflow_hidden_temple, kennysheep_jessica_study,
          uniq_natasha, uniq_crazy_yiuf_cottage
D:4:      first_ration, uniq_ijyb
D:5:      kiku_gazebo_garden_becter, cheibriados_altar_1, uniq_prince_ribbit1,
          uniq_pikel
D:6:      minitemple, overflow_temple_1_default, kennysheep_big_empty_room
D:7:      minmay_temple_entry_crystal_x, grunt_livestock, serial_bayou_ford_a
D:8:      basic_altar, hangedman_abyss_or_decor_lesser_grid
D:10:     minmay_misc_feat_iff
D:11:     lair_entry_dummy, minmay_guarded_unrand_finisher
Lair:1:   lemuel_oklob_altar
Lair:2:   elwin_shoals_entry_rooms, serial_bayou_shore_b,
          infiniplex_staircase_pool, uniq_gastronok
Lair:3:   nicolae_spider_entry_tight_spaces, kennysheep_abandoned_house,
          lemuel_fruit_tree
Lair:5:   dragon1_lemuel, minmay_slime_entry_pillars
Lair:6:   due_jungle_book, zaba_anthole, uniq_kirke
